 Dungeon Crawl Stone Soup version 0.16-a0-4088-g7c8221e (webtiles) character file.

74 Eptagon the Insei (level 4, -4/28 HPs)
             Began as an Octopode Transmuter on Feb 23, 2015.
             Slain by a centaur skeleton (7 damage)
             ... on level 3 of the Dungeon.
             The game lasted 00:03:40 (1829 turns).

Eptagon the Insei (Octopode Transmuter)             Turns: 1829, Time: 00:03:41

Health: -4/28      AC:  1    Str:  9    XL:     4   Next: 30%
Magic:  7/7        EV: 12    Int: 20    God:
Gold:   85         SH:  0    Dex: 13    Spells: 1 memorised, 6 levels left

rFire  . . .     SeeInvis .       - Unarmed
rCold  . . .     Clarity  .     (no shield)
rNeg   . . .     SustAb   .     (helmet restricted)
rPois  +         Gourm    .     f - amulet of resist corrosion
rElec  .         Spirit   .     n - ring of poison resistance
rCorr  +         Warding  .     p - ring of wizardry
rMut   .         Stasis   .     (no ring)
MR     .....                    (no ring)
Stlth  ++........               (no ring)
                                (no ring)
                                (no ring)
                                (no ring)

@: brilliant, not resistant to hostile enchantments, unstealthy
A: almost no armour, amphibious, 8 rings, constrict 8, camouflage 1, gelatinous
body 1
a: no special abilities


You were on level 3 of the Dungeon.
You were not hungry.

You visited 1 branch of the dungeon, and saw 3 of its levels.

You collected 85 gold pieces.

Inventory:

Jewellery
 f - an amulet of resist corrosion (around mantle)
 l - an uncursed amulet of resist mutation
 n - a ring of poison resistance (left tentacle)
 p - a ring of wizardry (right tentacle)
Scrolls
 b - a scroll of fog
 i - a scroll of remove curse
Potions
 g - a potion of restore abilities {unknown}
 k - a potion of resistance {unknown}
Books
 d - a book of Changes

   Spells                             Type                      Level
   a - Beastly Appendage              Transmutation                1
   b - Sticks to Snakes               Transmutation                2
   c - Spider Form                    Transmutation/Poison         3
   d - Ice Form                       Ice/Transmutation            4
   e - Blade Hands                    Transmutation                5
Comestibles
 a - 4 bread rations
 c - a royal jelly
 h - 2 meat rations
 j - 2 fruits
 m - 2 chunks of flesh
 o - 2 slices of pizza


   Skills:
 - Level 1.0 Fighting
 - Level 2.0 Dodging
 + Level 5.0 Unarmed Combat
 - Level 2.0 Spellcasting
 - Level 2.0 Transmutations


You had 6 spell levels left.
You knew the following spells:

 Your Spells              Type           Power        Failure   Level  Hunger
a - Beastly Appendage     Trmt           ###...       1%          1    #......


Dungeon Overview and Level Annotations

Branches:
Dungeon (3/15)

Altars:


Innate Abilities, Weirdness & Mutations

You cannot wear most types of armour.
You are amphibious.
You can wear up to eight rings at the same time.
You can use your tentacles to constrict many enemies at once.
Your skin changes colour to match your surroundings (Stealth).
Your rubbery body absorbs attacks (AC +1).


Message History

You tentacle-slap the centaur skeleton.
The goblin shouts!
The centaur skeleton hits you.
The goblin unwields an uncursed club.
The goblin wields a hunting sling.
The goblin shoots a stone.
The stone hits you.
You tentacle-slap the centaur skeleton. The centaur skeleton hits you.
The goblin shoots a stone.
The stone hits you.
The centaur skeleton closely misses you.
You tentacle-slap the centaur skeleton. You squeeze the centaur skeleton.
The centaur skeleton hits you.
* * * LOW HITPOINT WARNING * * *
The goblin shoots a stone.
The stone hits you.
* * * LOW HITPOINT WARNING * * *
Drink which item? (? for menu, Esc to quit)
It was a potion of brilliance.
You feel clever all of a sudden. The centaur skeleton hits you.
* * * LOW HITPOINT WARNING * * *
The centaur skeleton hits you!
You die...

## .# .# .# .
##.# #.# #..#
#.# #@# #.#
##Z######
#.####
#..(....# #.#..
#..####.###.#.#
#..####.......#
#
#.............#
#
#?#####.##..#.#
#
#g#####.##.##.#
#
#.......##.##.#
#


You could see a goblin and a centaur skeleton.

Vanquished Creatures
  2 adders
  2 worms
  An orc (D:3)
  4 giant cockroaches
  8 hobgoblins
  A quokka (D:2)
  A ball python (D:3)
  4 bats
  A giant gecko (D:1)
  3 giant newts (D:1)
  9 goblins
  4 kobolds
  7 rats
47 creatures vanquished.

Notes
Turn   | Place    | Note
--------------------------------------------------------------
     0 | D:1      | Eptagon, the Octopode Transmuter, began the quest for the Orb.
     0 | D:1      | Reached XP level 1. HP: 13/13 MP: 3/3
   157 | D:1      | Reached XP level 2. HP: 13/18 MP: 4/4
   379 | D:1      | Reached skill level 4 in Unarmed Combat
   387 | D:1      | Reached XP level 3. HP: 14/23 MP: 6/6
  1093 | D:2      | Reached XP level 4. HP: 17/28 MP: 7/7
  1770 | D:3      | Reached skill level 5 in Unarmed Combat
  1829 | D:3      | Slain by a centaur skeleton

Action                   |  1- 3 |  4- 6 || total
-------------------------+-------+-------++-------
Melee: Unarmed           |    83 |    26 ||   109
  Use: Scroll            |     3 |     3 ||     6
       Potion            |       |     1 ||     1
 Stab: Sleeping          |     2 |     1 ||     3
  Eat: Chunk             |       |     2 ||     2
       Fruit             |       |     1 ||     1
